 Dungeon Crawl Stone Soup version 0.28-a0-401-ge240ad9e29 (webtiles) character file.

Game seed: 8574762057322477591

1850 Myro the Magician (level 9, -18/65 HPs)
             Began as a Gnoll Earth Elementalist on Sept 5, 2021.
             Killed from afar by a steam dragon (24 damage)
             ... with a ball of steam
             ... on level 7 of the Dungeon.
             The game lasted 00:15:39 (8023 turns).

Myro the Magician (Gnoll Earth Elementalist)        Turns: 8023, Time: 00:15:39

Health: -18/65     AC:  7    Str:  7    XL:     9   Next: 12%
Magic:  19/27      EV: 14    Int: 18    God:
Gold:   80         SH:  5    Dex: 13    Spells: 14/20 levels left

rFire   . . .      SeeInvis +   s - +7 mace of the Hero {vorpal, rCorr MP+9 SInv}
rCold   . . .      Faith    .   x - +0 buckler {reflect}
rNeg    + . .      Spirit   .   g - +2 robe {Will+}
rPois   .          Reflect  +   (no helmet)
rElec   .          Harm     .   (no cloak)
rCorr   +          Rampage  .   z - +1 pair of gloves
Will    +....                   o - +0 pair of boots
Stlth   +++.......              (no amulet)
HPRegen 0.20/turn               w - ring of positive energy
MPRegen 0.20/turn               (no ring)

@: no status effects
A: fangs 1, strong nose, distributed training
a: no special abilities


You were on level 7 of the Dungeon.
You visited 2 branches of the dungeon, and saw 8 of its levels.

You collected 207 gold pieces.
You spent 127 gold pieces at shops.

Inventory:

Hand Weapons
 s - the +7 mace of the Hero (weapon) {vorpal, rCorr MP+9 SInv}
   (You found it on level 4 of the Dungeon)

   It inflicts extra damage upon your enemies.
   MP:        It affects your magic capacity (+9).
   SInv:      It lets you see invisible.
   rCorr:     It protects you from acid and corrosion.
Missiles
 c - 132 stones
 n - 15 poisoned darts
 y - 8 silver boomerangs
 A - 2 throwing nets
Armour
 g - a +2 robe of willpower (worn)
 o - a +0 pair of boots (worn)
 x - a +0 buckler of reflection (worn)
 z - a +1 pair of gloves (worn)
Jewellery
 w - a ring of positive energy (left hand)
Scrolls
 e - a scroll of identify
 f - a scroll of enchant weapon
 h - a scroll of fear {unknown}
 i - a scroll of blinking {unknown}
 j - a scroll of vulnerability {unknown}
 l - a scroll of fog {unknown}
 m - 2 scrolls of magic mapping {unknown}
 r - a scroll of summoning {unknown}
 v - 4 scrolls of amnesia {unknown}
Potions
 a - a potion of attraction
 b - 3 potions of curing
 d - a potion of flight
 k - 2 potions of haste {unknown}
 p - 2 potions of mutation {unknown}
 q - 2 potions of magic {unknown}
 t - a potion of heal wounds {unknown}
 u - a potion of brilliance {unknown}


   Skills:
 + Level 3.9 Fighting
 + Level 3.9 Short Blades
 + Level 3.9 Long Blades
 + Level 3.9 Axes
 + Level 3.9 Maces & Flails
 + Level 3.9 Polearms
 + Level 3.9 Staves
 + Level 3.9 Slings
 + Level 3.9 Bows
 + Level 3.9 Crossbows
 + Level 3.9 Throwing
 + Level 3.9 Armour
 + Level 6.1 Dodging
 + Level 5.8 Stealth
 + Level 3.9 Shields
 + Level 3.9 Unarmed Combat
 + Level 6.4 Spellcasting
 + Level 3.2 Conjurations
 + Level 3.2 Hexes
 + Level 3.2 Summonings
 + Level 3.2 Necromancy
 + Level 3.2 Translocations
 + Level 3.9 Transmutations
 + Level 3.2 Fire Magic
 + Level 3.2 Ice Magic
 + Level 3.2 Air Magic
 + Level 6.4 Earth Magic
 + Level 3.2 Poison Magic
 + Level 4.3 Invocations
 + Level 3.9 Evocations


You had 14 spell levels left.
You knew the following spells:

 Your Spells              Type           Power      Damage    Failure   Level
a - Sandblast             Erth           56%        2d13      1%          1
b - Passwall              Tmut/Erth      20%        N/A       1%          2
c - Stone Arrow           Conj/Erth      46%        3d9       4%          3

Your spell library contained the following spells:

 Spells                   Type           Power      Damage    Failure   Level
 Beastly Appendage        Tmut           40%        N/A       2%          1
 Foxfire                  Conj/Fire      68%        2x1d7     3%          1
 Wereblood                Tmut           20%        N/A       3%          2
 Ensorcelled Hibernation  Hex/Ice        34%        N/A       4%          2
 Scorch                   Fire           34%        2d7       4%          2
 Spider Form              Tmut/Pois      9%         N/A       8%          3
 Conjure Flame            Conj/Fire      17%        6-21      9%          3
 Ignite Poison            Fire/Tmut/Pois 18%        N/A       9%          3
 Inner Flame              Hex/Fire       17%        N/A       9%          3
 Mephitic Cloud           Conj/Pois/Air  17%        N/A       9%          3
 Ozocubu's Armour         Ice            17%        N/A       9%          3
 Petrify                  Tmut/Erth      24%        N/A       14%         4
 Flame Wave               Conj/Fire      17%        3d5       30%         4
 Fireball                 Conj/Fire      8%         3d6       63%         5
 Freezing Cloud           Conj/Ice/Air   8%         6-21      63%         5
 Metabolic Englaciation   Hex/Ice        8%         N/A       63%         5
 Simulacrum               Ice/Necr       8%         N/A       99%         6
 Summon Cactus Giant      Summ           8%         N/A       99%         6
 Polar Vortex             Ice            8%         N/A       100%        9


Dungeon Overview and Level Annotations

Branches:
Dungeon (7/15)             Temple (1/1) D:5

Altars:
Elyvilon
Fedhas
Hepliaklqana
Kikubaaqudgha
Makhleb
Nemelex Xobeh
Okawaru
Trog
Uskayaw
Vehumet
Wu Jian
Xom
Yredelemnul
Zin
The Shining One

Shops:
D:5 *


Innate Abilities, Weirdness & Mutations

You have very sharp teeth.
Your uncanny sense of smell can sniff out nearby items.
Your experience applies equally to all skills.


Message History

The centaur shouts!
You hit the steam dragon.
The steam dragon is moderately wounded.
You are engulfed in a cloud of scalding steam.
The steam dragon breathes steam at you. The ball of steam hits you!!
You are engulfed in a cloud of scalding steam.
You are too injured to fight recklessly!
You are too injured to fight recklessly!
Casting: Stone Arrow (dangerous; 4% risk of failure)
Confirm with . or Enter, or press ? or * to list all spells.
Aiming: Passwall (safe; 1% risk of failure)
Press: ? - help, Dir - move target A rock wall.
This rock feels extremely deep.
The steam dragon bites you! The steam dragon barely misses you.
Unknown command.
You are too injured to fight recklessly!
You are too injured to fight recklessly!
Casting: Passwall (safe; 1% risk of failure)
Confirm with . or Enter, or press ? or * to list all spells.
You don't know that spell.
Aiming: Stone Arrow (dangerous; 4% risk of failure)
Press: ? - help, Q - select action, (/) - cycle Shift-Dir - straight line, f - steam dragon
Aim: a steam dragon (lightly wounded, 71% to hit)
The stone arrow hits the steam dragon!
The steam dragon is heavily wounded.
The steam dragon breathes steam at you. The ball of steam hits you!
* * * LOW HITPOINT WARNING * * *
Aiming: Stone Arrow (dangerous; 4% risk of failure)
Press: ? - help, Q - select action, (/) - cycle Shift-Dir - straight line, f/p - steam dragon
Aim: a steam dragon (heavily wounded, 71% to hit)
The stone arrow hits the steam dragon!
The steam dragon is almost dead.
You are engulfed in a cloud of scalding steam.
* * * LOW HITPOINT WARNING * * *
The steam dragon breathes steam at you. The ball of steam hits you!!
You die...

.......#..## #..
.........## #..#
....#..#..#####..##
.............<.....
....####.#.###.[###
### ###.#.###.....
#...#.##......
#######.###.........
#cD@ยงยง..#
#......... #$#######
#......... #.#
#......... #.#
###....... ..#
#......... ...
.....#...[... ####
######.......
#....... #.......


You could see a steam dragon (catching breath) and a centaur.

Vanquished Creatures
  An acid dragon (D:7)
  A water moccasin (D:6)
  2 black bears
  2 ice beasts
  A sky beast (D:6)
  2 ogres (D:5)
  A necrophage (D:6)
  A water moccasin zombie (D:5)
  4 crimson imps (D:4)
  2 howler monkeys
  An orc priest (D:4)
  A hound (D:5)
  4 jellies
  A bullfrog skeleton (D:5)
  7 orc wizards
  2 hound skeletons (D:5)
  4 gnolls (D:6)
  6 adders
  5 river rats (D:5)
  A shadow imp (D:3)
  A white imp (D:6)
  3 worms
  2 dart slugs
  15 orcs
  3 bats
  9 endoplasms
  3 giant cockroaches
  7 goblins
  6 hobgoblins
  4 quokkas
  3 ball pythons
  4 frilled lizards
  9 kobolds
  12 rats
130 creatures vanquished.

Vanquished Creatures (others)
  An orc wizard (D:4)
1 creature vanquished.

Grand Total: 131 creatures vanquished

Notes
Turn   | Place    | Note
-------+----------+-------------------------------------------
     0 | D:1      | Myro the Gnoll Earth Elementalist began the quest for the
                  | Orb.
     0 | D:1      | Reached XP level 1. HP: 13/13 MP: 6/6
   213 | D:1      | Reached XP level 2. HP: 19/19 MP: 5/7
   235 | D:1      | Learned a level 2 spell: Passwall
   582 | D:1      | Reached XP level 3. HP: 25/25 MP: 7/9
   683 | D:1      | Reached skill level 5 in Spellcasting
   793 | D:1      | Found a faded altar of an unknown god.
  1019 | D:2      | Reached skill level 1 in Invocations
  1055 | D:2      | Reached skill level 1 in Fighting
  1055 | D:2      | Reached skill level 1 in Short Blades
  1055 | D:2      | Reached skill level 1 in Long Blades
  1055 | D:2      | Reached skill level 1 in Axes
  1055 | D:2      | Reached skill level 1 in Maces & Flails
  1055 | D:2      | Reached skill level 1 in Polearms
  1055 | D:2      | Reached skill level 1 in Staves
  1055 | D:2      | Reached skill level 1 in Slings
  1055 | D:2      | Reached skill level 1 in Bows
  1055 | D:2      | Reached skill level 1 in Crossbows
  1055 | D:2      | Reached skill level 1 in Throwing
  1055 | D:2      | Reached skill level 1 in Armour
  1055 | D:2      | Reached skill level 1 in Shields
  1055 | D:2      | Reached skill level 1 in Unarmed Combat
  1055 | D:2      | Reached skill level 1 in Evocations
  1474 | D:2      | Reached XP level 4. HP: 32/32 MP: 8/11
  2306 | D:3      | Reached skill level 1 in Conjurations
  2306 | D:3      | Reached skill level 1 in Hexes
  2306 | D:3      | Reached skill level 1 in Summonings
  2306 | D:3      | Reached skill level 1 in Necromancy
  2306 | D:3      | Reached skill level 1 in Translocations
  2306 | D:3      | Reached skill level 1 in Fire Magic
  2306 | D:3      | Reached skill level 1 in Ice Magic
  2306 | D:3      | Reached skill level 1 in Air Magic
  2306 | D:3      | Reached skill level 1 in Poison Magic
  2861 | D:4      | Reached XP level 5. HP: 37/37 MP: 10/12
  3291 | D:4      | Found a shimmering altar of Xom.
  3298 | D:4      | Reached XP level 6. HP: 44/44 MP: 7/13
  3303 | D:4      | Learned a level 3 spell: Stone Arrow
  3446 | D:4      | Reached skill level 5 in Dodging
  3734 | D:4      | Identified the +7 mace of the Hero {vorpal, rCorr MP+9
                  | SInv}
  4232 | D:5      | Entered Level 5 of the Dungeon
  4232 | D:5      | Found Corog's General Store.
  4465 | D:5      | Found a staircase to the Ecumenical Temple.
  4478 | Temple   | Entered the Ecumenical Temple
  4710 | D:5      | Reached XP level 7. HP: 50/50 MP: 15/15
  4775 | D:5      | Bought a +0 buckler of reflection for 127 gold pieces
  5501 | D:5      | Reached skill level 5 in Stealth
  5570 | D:5      | Reached XP level 8. HP: 57/57 MP: 8/16
  7187 | D:6      | Reached XP level 9. HP: 65/65 MP: 17/18
  7378 | D:6      | Noticed a two-headed ogre
  8023 | D:7      | Killed from afar by a steam dragon

Illustrated notes

Levels and vault maps discovered:
D:1:      dpeg_arrival_pond, layout_basic, shapermc_ecumenical_altar_mp_vishouse
D:2:      cheibrodos_helix_gallery, layout_basic, serial_bayou_crossing
D:3:      layout_basic
D:4:      layout_basic, led_xom_imps, kennysheep_potato
D:5:      layout_loops_cross, minmay_temple_entry_large_hall, serial_shops,
          nicolae_shop_trees, lightli_sewer_entry_pipes,
          kennysheep_generic_room_16
D:6:      layout_basic
D:7:      layout_rooms, minmay_nine_imps
Temple:   eino_temple_water

Skill      XL: |  1  2  3  4  5  6  7  8 |
---------------+-------------------------+-----
Transmutations | 2 3 |  3.9
Spellcasting   | 5 6 |  6.4
Invocations    | 1 2 3 4 |  4.3
Fighting       | 1 2 3 |  3.9
Short Blades   | 1 2 3 |  3.9
Long Blades    | 1 2 3 |  3.9
Axes           | 1 2 3 |  3.9
Maces & Flails | 1 2 3 |  3.9
Polearms       | 1 2 3 |  3.9
Staves         | 1 2 3 |  3.9
Slings         | 1 2 3 |  3.9
Bows           | 1 2 3 |  3.9
Crossbows      | 1 2 3 |  3.9
Throwing       | 1 2 3 |  3.9
Armour         | 1 2 3 |  3.9
Shields        | 1 2 3 |  3.9
Unarmed Combat | 1 2 3 |  3.9
Evocations     | 1 2 3 |  3.9
Conjurations   | 1 2 3 |  3.2
Hexes          | 1 2 3 |  3.2
Summonings     | 1 2 3 |  3.2
Necromancy     | 1 2 3 |  3.2
Translocations | 1 2 3 |  3.2
Fire Magic     | 1 2 3 |  3.2
Ice Magic      | 1 2 3 |  3.2
Air Magic      | 1 2 3 |  3.2
Poison Magic   | 1 2 3 |  3.2
Dodging        | 5 6 |  6.1
Stealth        | 5 |  5.8
Earth Magic    | 6 |  6.4

Action                   |  1- 3 |  4- 6 |  7- 9 || total
-------------------------+-------+-------+-------++-------
Melee: Dagger            |     1 |     4 |       ||     5
       Mace              |       |       |     8 ||     8
 Cast: Sandblast         |    53 |    45 |       ||    98
       Passwall          |       |     1 |     2 ||     3
       Stone Arrow       |       |    18 |    97 ||   115
  Use: Scroll            |       |       |     4 ||     4
 Stab: Sleeping          |       |     2 |     1 ||     3
Armor: Robe              |     2 |     1 |     7 ||    10
Dodge: Dodged            |     4 |     5 |    20 ||    29
Block: Buckler           |       |     6 |     6 ||    12

Table legend: (Time is in decaauts)
 A = Elapsed time spent in this place.
 B = Non-inter-level travel time spent in this place.
 C = Inter-level travel time spent in this place.
 D = Time resting spent in this place.
 E = Time spent auto-exploring this place.
 F = Levels seen in this place.
 G = Mean time per level.
                   A        B        C        D        E       F      G
               +--------+--------+--------+--------+--------+-----+--------+
         Total |   8075 |   7626 |    449 |    676 |   5860 |   8 | 1009.4 |
       Dungeon |   7851 |   7421 |    430 |    676 |   5668 |   7 | 1121.6 |
        Temple |    223 |    204 |     19 |      0 |    192 |   1 |  223.0 |
               +--------+--------+--------+--------+--------+-----+--------+

Top non-repeatable levels by time:
     D:5: 1826 daAuts
     D:6: 1562 daAuts
     D:4: 1363 daAuts
     D:3: 1134 daAuts
     D:2: 1002 daAuts
     D:1: 856 daAuts
  Temple: 223 daAuts
     D:7: 105 daAuts
